 Dungeon Crawl Stone Soup version 0.21.1-1-g345015fe64 (webtiles) character file.

713699 Kejsarherre the Conqueror (level 27, -7/199 HPs)
             Began as a Gargoyle Monk on May 2, 2018.
             Was the Champion of Ashenzari.
             Collided with a spark wasp simulacrum (33 damage)
             ... caused by an ancient lich
             ... on level 8 of a ziggurat.
             The game lasted 06:18:58 (62387 turns).

Kejsarherre the Conqueror (Gargoyle Monk)          Turns: 62387, Time: 06:18:59

Health: -7/199     AC: 51    Str: 29    XL:     27
Magic:  56/56      EV: 14    Int: 14    God:    Ashenzari [******]
Gold:   7620       SH:  0    Dex: 16    Spells: 4/49 levels left

rFire    + + .     SeeInvis +   W - +8 battleaxe of Vuuwarus {drain, rC+ Dex+3} (curse)
rCold    + + +     Gourm    .   (shield currently unavailable)
rNeg     + + +     Faith    .   Y - +7 gold dragon scales (curse)
rPois    ∞         Spirit   .   J - +0 helmet {Int+3}
rElec    +         Reflect  .   n - scarf {cloud immunity}
rCorr    .         Harm     .   U - +3 pair of gauntlets of War {Slay+5} (curse)
MR       ++...     Clarity  +   w - +2 pair of boots of the Assassin {Detection Stab+ Stlth++}
Stlth    ..........             (no amulet)
HPRegen  2.23/turn              a - ring of Ifonon {+Fly rC- rN+++ MP+9 Str+3}
MPRegen  0.35/turn              f - ring of the Skies Above {rF+ rC+++ MP+9 Str+3 Int-4} (curse)

@: corroded, flying, very slightly contaminated, regenerating (expiring),
hasted, very quick
A: big wings, iridescent scales 1, negative energy resistance 1, regeneration 2,
electricity resistance, wild magic 1, unbreathing, petrification resistance, rot
immunity, AC +20
}: 5/15 runes: decaying, slimy, silver, abyssal, gossamer
a: Stop Flying, Curse Item, Scrying, Transfer Knowledge, Renounce Religion


You were on level 8 of a ziggurat.
You worshipped Ashenzari.
Ashenzari was exalted by your worship.
You were not hungry.

You visited 12 branches of the dungeon, and saw 55 of its levels.
You visited the Abyss 1 time.
You visited 1 ziggurat, and saw 8 of its levels.
You also visited: Labyrinth, Wizlab and Desolation.

You collected 8787 gold pieces.
You spent 1167 gold pieces at shops.

Inventory:

Hand Weapons
 P - a +2 eudemon blade of holy wrath
 W - the cursed +8 battleaxe of Vuuwarus (weapon) {drain, rC+ Dex+3}
   (You took it off an ironbrand convoker on level 2 of the Vaults)

   A truly terrible weapon, it drains the life of those it strikes.
   It affects your dexterity (+3).
   It protects you from cold.
   It has a curse placed upon it.
Armour
 n - a scarf of cloud immunity (worn)
 w - the +2 pair of boots of the Assassin (worn) {Detection Stab+ Stlth++}
   (You found it in the Desolation of Salt)

   It makes you much more stealthy.
 J - a +0 helmet of intelligence (worn)
 R - a +0 large shield
 U - the cursed +3 pair of gauntlets of War (worn) {Slay+5}
   (You bought it in a shop on level 2 of the Vaults)

   It affects your accuracy and damage with ranged weapons and melee attacks
   (+5).
   It has a curse placed upon it.
 Y - cursed +7 gold dragon scales (worn)
Magical Staves
 T - an uncursed staff of power
Jewellery
 a - the ring of Ifonon (left hand) {+Fly rC- rN+++ MP+9 Str+3}
   (You took it off an imperial myrmidon in the Desolation of Salt)

   [ring of flight]

   It affects your strength (+3).
   It makes you vulnerable to cold.
   It renders you almost immune to negative energy.
   It affects your magic capacity (+9).
   It lets you fly.
 f - the cursed ring of the Skies Above (right hand) {rF+ rC+++ MP+9 Str+3 Int-4}
   (You found it on level 2 of the Spider Nest)

   [ring of magical power]

   It affects your strength (+3).
   It affects your intelligence (-4).
   It protects you from fire.
   It renders you almost immune to cold.
   It affects your magic capacity (+9).
   It has a curse placed upon it.
 z - an uncursed ring of wizardry
 D - the amulet "Vusutost" {Faith rF+ Str-2 SInv}
   (You found it on level 6 of a ziggurat)

   [amulet of faith]

   It allows you to gain divine favour quickly.
   It affects your strength (-2).
   It protects you from fire.
   It lets you see invisible.
 O - the amulet "Deafoyn" {Reflect -Tele rF+++ MR+++ Str-4 SH+4}
   (You took it off a deep elf blademaster on level 3 of the Elven Halls)

   [amulet of reflection]

   It shields you and reflects attacks.
   It affects your strength (-4).
   It renders you almost immune to fire.
   It affects your resistance to hostile enchantments.
   It prevents most forms of teleportation.
   It affects your SH (+4).
Wands
 i - a wand of clouds (3)
 v - a wand of digging (19)
 L - a wand of disintegration (46)
Scrolls
 b - 4 scrolls of silence
 d - 27 scrolls of teleportation
 e - 3 scrolls of amnesia
 l - 9 scrolls of identify
 o - 5 scrolls of fog
 q - 2 scrolls of brand weapon
 s - 8 scrolls of remove curse
 y - 3 scrolls of blinking
 E - 2 scrolls of acquirement
 G - 3 scrolls of summoning
 I - 9 scrolls of enchant weapon
 S - 9 scrolls of fear
 V - 7 scrolls of magic mapping
 X - a scroll of holy word
Potions
 g - 10 potions of curing
 r - 6 potions of magic
 x - 4 potions of haste
 A - 8 potions of ambrosia
 B - 8 potions of invisibility
 C - 2 potions of cancellation
 F - 5 potions of resistance
 H - 4 potions of agility
 K - 6 potions of brilliance
 Z - 3 potions of berserk rage
Books
 j - a book of Air

   Spells                             Type                      Level
   a - Shock                          Conjuration/Air              1
   b - Swiftness                      Charms/Air                   2
   c - Static Discharge               Conjuration/Air              3
   d - Airstrike                      Air                          4
   e - Lightning Bolt                 Conjuration/Air              5
 t - the Catalogue of Displaced Confrontation
   (You found it on level 1 of the Depths)

   Spells                             Type                      Level
   a - Sting                          Conjuration/Poison           1
   b - Dazzling Spray                 Conjuration/Hexes            3
   c - Teleport Other                 Translocation                3
 u - a book of Enchantments

   Spells                             Type                      Level
   a - Cause Fear                     Hexes                        4
   b - Yara's Violent Unravelling     Hexes/Transmutation          5
   c - Silence                        Hexes/Air                    5
   d - Deflect Missiles               Charms/Air                   6
   e - Discord                        Hexes                        8
 N - a Grand Grimoire

   Spells                             Type                      Level
   a - Monstrous Menagerie            Summoning                    7
   b - Summon Greater Demon           Summoning                    7
   c - Malign Gateway                 Summoning/Translocation      7
   d - Summon Horrible Things         Summoning                    8
Miscellaneous
 h - 3 phantom mirrors
 m - 3 boxes of beasts
 p - a fan of gales
 M - a phial of floods
 Q - a lightning rod (1/4)
Comestibles
 c - 64 rations


   Skills:
 O Level 27 Fighting
 - Level 16.0(21.2) Axes
 - Level 25.3 Armour
 - Level 11.5 Dodging
 * Level 11.8 Spellcasting
   Level 5.5 Conjurations
 * Level 15.9 Charms
 - Level 13.1 Necromancy
 - Level 16.2 Translocations
 - Level 8.1 Air Magic
 - Level 10.8 Evocations


You had 4 spell levels left.
You knew the following spells:

 Your Spells              Type           Power        Failure   Level  Hunger
a - Apportation           Tloc           ######       1%          1    None
b - Blink                 Tloc           N/A          1%          2    None
c - Controlled Blink      Tloc           N/A          99%         8    #######
d - Song of Slaying       Chrm           ######..     1%          2    None
e - Regeneration          Chrm/Necr      ######....   1%          3    None
f - Lee's Rapid Deconstr  Erth           ##........   100%        5    #####..
g - Borgnjor's Revivific  Necr           ######....   100%        8    #######
h - Necromutation         Tmut/Necr      ####......   100%        8    #######
i - Swiftness             Chrm/Air       ######..     1%          2    None
j - Deflect Missiles      Chrm/Air       ######....   61%         6    ######.


Dungeon Overview and Level Annotations

Branches:
Dungeon (15/15)            Temple (1/1) D:4            Lair (6/6) D:8
  Swamp (4/4) Lair:2       Spider (4/4) Lair:2        Slime (5/5) Lair:6
    Orc (2/2) D:10            Elf (3/3) Orc:2        Vaults (5/5) D:14
  Crypt (3/3) Vaults:3       Tomb (2/3) Crypt:3      Depths (5/5) D:15
    Zot (0/5) Depths:5

Altars:
Ashenzari
Dithmenos
Elyvilon
Fedhas
Gozag
Hepliaklqana
Kikubaaqudgha
Makhleb
Nemelex Xobeh
Okawaru
Qazlal
Ru
Sif Muna
Trog
Uskayaw
Vehumet
Wu Jian
Xom
Yredelemnul
Zin
The Shining One
Jiyva

Shops:
D:6 !   Orc:2 %(*:   Elf:2 [   Elf:3 =}}   Vaults:2 ?(:%[

Portals:
Hell: Depths:1 Depths:2 Depths:3 Depths:4 Depths:5
Abyss: Depths:2 Depths:4
Pandemonium: Depths:3

Annotations:
Lair:5 exclusion: oklob plant
Zig:8 exclusion: 4 oklob plants


Innate Abilities, Weirdness & Mutations

You are resistant to torment.
Your stone body is resilient. (AC +20)
You are immune to poison.
Your large and strong wings let you fly indefinitely.
You resist negative energy. (rN+)
You are resistant to electric shocks. (rElec)
You can survive without breathing.
You are immune to petrification.
You are immune to rotting.
You are partially covered in iridescent scales. (AC +2)
You heal very quickly.
Your spells are a little harder to cast, but a little more powerful.


Message History

Unknown command.
Unknown command.
You feel better. The freezing wraith barely misses you.
The freezing wraith hits you but does no damage.
The lich closely misses you. The ancient lich misses you.
The curse skull rattles its jaw.
The frost giant zombie misses you.
You feel yourself speed up.
The freezing wraith disappears in a puff of smoke!
The lich touches you but does no damage.
The spark wasp simulacrum hits you.
* * * LOW HITPOINT WARNING * * *
The spark wasp simulacrum freezes you. You resist.
* * * LOW HITPOINT WARNING * * *
The ancient lich points at you and mumbles some strange words.
The lance of force hits you!
* * * LOW HITPOINT WARNING * * *
You are knocked back by the lance of force.
You collide with the spark wasp simulacrum!
You die...

* *▓▓* ** , ......*
*,........▓
***▓▓.........▓▓▓▓▓
,..........ZVL§Z▓
,)...z.....{WL@Z▓ *
,(..WLP....§Wz§Z▓ *
,WL.MPP.P...W§L§▓ *
,(:WzzP....z.Z.∩▓
*∩ !..............▓
,,:...WP.........▓
,,.....W.........▓
,,...............▓
**▓▓.........▓▓▓▓▓


You could see an ancient lich, 2 liches, an eidolon, a jiangshi, a flayed ghost,
a shadow wraith (invisible), a curse skull, a wight, a spark wasp simulacrum, a
frost giant zombie and a deep elf death mage skeleton.

Vanquished Creatures
  the Royal Jelly (Slime:5)
  A pandemonium lord (Zig:4)
  An ancient lich (Crypt:3)
  Mara (Elf:3)
  2 juggernauts (Depths:4)
  23 greater mummies
  2 caustic shrikes (Depths:4)
  5 golden dragons
  Nikola (Depths:1)
  A profane servitor (Crypt:2)
  3 bone dragons
  Jory (Crypt:3)
  Arachne (Spider:4)
  A hellephant (Zig:3)
  3 tentacled monstrosities
  4 quicksilver dragons
  Rupert (D:11)
  6 titans
  Asterion (Elf:3)
  12 acid blobs
  4 deep elf blademasters (Elf:3)
  4 liches
  An eldritch tentacle (Vaults:2)
  4 deep elf master archers
  Gastronok (D:10)
  5 ancient champions
  A thorn hunter (Swamp:4)
  3 tentacled starspawn
  A sphinx (shapeshifter) (Depths:2)
  An Executioner (Abyss:5)
  13 sphinxes
  Kirke (Spider:1)
  6 azure jellies
  3 revenants
  9 tengu reavers
  6 shadow dragons
  A daeva (Depths:5)
  4 storm dragons
  7 fire giants
  12 frost giants
  A ghost moth (shapeshifter) (Depths:2)
  18 vault wardens
  2 iron dragons (shapeshifter) (Depths:2)
  7 ghost moths
  4 imperial myrmidons (Desolation)
  6 iron dragons
  11 deep elf sorcerers
  An orc warlord (D:10)
  5 curse skulls
  4 deep elf elementalists
  5 emperor scorpions
  10 ghouls
  2 draconian shifters (Depths:5)
  3 war gargoyles
  A caustic shrike skeleton (Crypt:1)
  22 stone giants
  9 ironheart preservers
  A stone giant (shapeshifter) (Depths:2)
  21 very ugly things
  4 reapers
  2 entropy weavers
  3 vampire knights
  6 deep elf demonologists
  2 black draconians (Depths:5)
  4 dire elephants (Lair:6)
  2 lorocyprocas
  The ghost of Tali the Cleaver, a journeyman DsBe of Trog (Lair:6)
  3 green draconians (Depths:5)
  Nessos (D:13)
  2 yellow draconians (Depths:5)
  A dire elephant (shapeshifter) (Depths:3)
  15 deep elf annihilators
  2 halazid warlocks (Desolation)
  A purple draconian (Depths:5)
  A merfolk javelineer (Depths:4)
  3 orange crystal statues
  6 crystal guardians
  A green death (Abyss:4)
  3 minotaurs
  5 deep elf death magi
  10 ettins
  5 spark wasps
  18 yaktaur captains
  3 death oozes (Slime:5)
  8 eidola
  13 mummy priests
  A merfolk impaler (Depths:4)
  Snorg (Lair:3)
  12 fire dragons
  5 deep elf high priests
  8 jiangshi
  A blizzard demon (Depths:3)
  A quicksilver dragon zombie (Crypt:3)
  10 ragged hierophants (Desolation)
  14 ogre magi
  18 great orbs of eyes
  8 servants of whispers (Desolation)
  The ghost of Oravi the Nimble, a journeyman MfTm of Okawaru (D:13)
  31 vault guards
  4 ghost crabs
  2 catoblepae (Vaults:2)
  A hell beast (Depths:4)
  2 juggernaut simulacra
  5 spriggan air magi
  6 rakshasas
  8 ice dragons
  2 death knights
  9 peacekeepers
  19 hydras
  An alligator snapping turtle (shapeshifter) (Depths:2)
  12 centaur warriors
  38 two-headed ogres
  Erica (Lair:2)
  34 dancing weapons
  An anaconda (Lair:6)
  2 spriggan berserkers (Depths:4)
  A death scarab (Tomb:2)
  11 death yaks
  3 tengu warriors
  2 queen ants (shapeshifter) (Depths:2)
  10 deep troll earth magi
  14 alligators
  7 deep troll shamans
  A titan zombie (Tomb:2)
  3 orc high priests (Orc:2)
  4 vampire magi
  10 soul eaters
  A storm dragon zombie (Crypt:3)
  19 thrashing horrors
  2 sun demons
  25 deep elf knights
  10 wretched stars
  An iron troll (Depths:1)
  2 hell knights
  2 shadow wraiths
  A salamander mystic (Depths:5)
  6 wizards
  A spark wasp zombie (Crypt:2)
  7 flayed ghosts
  27 deep trolls
  A golden dragon zombie (Crypt:3)
  9 glowing orange brains
  A shadow demon (Abyss:4)
  18 skeletal warriors
  A deep troll (shapeshifter) (Depths:2)
  A sea snake (shapeshifter) (Depths:1)
  13 unseen horrors
  3 spriggan druids
  9 swamp dragons
  48 starcursed masses
  A glowing orange brain (shapeshifter) (Depths:4)
  A shambling mangrove (Swamp:3)
  A gelid demonspawn (Depths:3)
  2 tengu zombies
  22 ironbrand convokers
  2 lindwurms (Swamp:4)
  16 phantasmal warriors
  15 deep elf archers
  3 wolf spider zombies (Crypt:3)
  4 shadow dragon skeletons
  15 necromancers
  19 orb spiders
  A mana viper (Depths:2)
  60 deep elf magi
  14 orc knights
  An iron dragon zombie (Crypt:3)
  34 ugly things
  A stone giant zombie (Crypt:3)
  A salamander (shapeshifter) (Zig:5)
  49 wolf spiders
  2 shining eyes
  An oklob plant (Zig:8)
  A faun (shapeshifter) (Vaults:4)
  3 tengu skeletons
  9 cyclopes
  3 manticores
  6 orc sorcerers
  4 moths of wrath
  8 guardian serpents
  3 salamanders (Depths:5)
  11 elephants
  A fire giant skeleton (Crypt:3)
  4 worldbinders
  2 black mambas
  A dire elephant zombie (Crypt:2)
  2 guardian serpents (shapeshifter) (Vaults:2)
  3 naga magi
  3 rust devils
  2 apocalypse crabs
  A stone giant skeleton (Crypt:1)
  2 dire elephant skeletons (Crypt:2)
  2 eyes of devastation
  11 vault sentinels
  4 smoke demons
  The ghost of Kejsarherre the Ruffian, a novice DrTm of Hepliaklqana (D:5)
  3 torpor snails
  2 gargoyles
  3 spiny frogs (shapeshifter)
  3 orange demons
  4 efreet
  11 freezing wraiths
  A rime drake (shapeshifter) (Vaults:5)
  8 komodo dragons
  13 spiny frogs
  2 kobold demonologists
  2 tormentors
  70 yaktaurs
  2 elf skeletons (Vaults:2)
  24 demonic crawlers
  2 tengu conjurers
  22 guardian mummies
  A black draconian skeleton (Crypt:1)
  13 hellwings
  A silent spectre (Abyss:4)
  7 ancient zymes
  2 golden dragon simulacra
  A hydra zombie (Crypt:3)
  9 trolls
  A jumping spider (shapeshifter) (Vaults:2)
  A wolf spider simulacrum (Crypt:2)
  34 jumping spiders
  13 hornets
  A queen bee (shapeshifter) (Vaults:3)
  A wind drake (shapeshifter) (Depths:4)
  62 saltlings (Desolation)
  A tengu simulacrum (Vaults:2)
  2 trolls (shapeshifter)
  Grinder (D:5)
  8 bog bodies
  A blink frog (shapeshifter) (Vaults:1)
  A raiju (shapeshifter) (Vaults:4)
  2 ettin zombies
  3 fire dragon zombies
  A harpy skeleton (Crypt:3)
  A hippogriff (shapeshifter) (D:15)
  23 blink frogs
  6 tyrant leeches
  115 slime creatures
  A guardian serpent zombie (Crypt:2)
  A moth of wrath zombie (Crypt:2)
  19 raiju
  16 hippogriffs
  A centaur simulacrum (D:15)
  A fire dragon skeleton (Crypt:2)
  12 flying skulls
  A jumping spider zombie (Crypt:1)
  70 redbacks
  45 tarantellas
  7 air elementals
  An ettin skeleton (Crypt:3)
  A vampire (Abyss:5)
  2 spriggans (shapeshifter)
  A shock serpent simulacrum (Crypt:1)
  49 yaks
  6 spriggans
  2 fire elementals (Elf:3)
  6 shadows
  8 ynoxinuls
  An elf simulacrum (Depths:4)
  15 wraiths
  A wyvern (D:8)
  12 ushabtiu
  8 neqoxecs
  2 hogs
  3 water elementals
  10 basilisks
  A basilisk (shapeshifter) (Depths:5)
  3 chaos spawn
  3 fire bats (Lair:1)
  4 golden eyes
  22 humans
  6 hungry ghosts
  21 vampire mosquitoes
  2 spatial vortices (Vaults:2)
  23 swamp worms
  6 small abominations
  6 wargs
  8 insubstantial wisps
  A gelid demonspawn zombie (Crypt:1)
  An acid dragon (Vaults:2)
  A spiny frog zombie (Crypt:3)
  22 water moccasins
  An acid dragon (shapeshifter) (Vaults:3)
  An orb spider zombie (Crypt:1)
  A water moccasin (shapeshifter) (Vaults:2)
  A soldier ant (shapeshifter) (Vaults:2)
  A torturous demonspawn skeleton (Crypt:2)
  10 porcupines
  A black bear (D:12)
  3 sky beasts
  5 eyes of draining
  2 snapping turtle zombies
  12 large abominations
  40 orc warriors
  9 ice beasts
  A manticore zombie (Crypt:3)
  16 swamp drakes
  2 necrophages (Crypt:2)
  4 phantoms
  A fire dragon simulacrum (Crypt:2)
  An eye of draining (shapeshifter) (Vaults:1)
  16 wolves
  7 boggarts
  32 ogres
  A blink frog skeleton (Crypt:2)
  20 centaurs
  A snapping turtle skeleton (Crypt:3)
  A swamp dragon skeleton (Crypt:1)
  5 crocodiles
  5 human zombies
  17 bullfrogs
  5 earth elementals
  A deep troll simulacrum (Vaults:3)
  A human skeleton (Vaults:2)
  6 scorpions
  8 wyvern skeletons
  A troll zombie (Crypt:3)
  A killer bee (shapeshifter) (Depths:1)
  15 wights
  13 killer bees
  9 howler monkeys
  A troll skeleton (Crypt:1)
  8 electric eels
  A spriggan skeleton (Crypt:3)
  10 crimson imps
  2 bullfrog zombies
  5 quasits
  A wolf skeleton (Crypt:2)
  3 centaur zombies
  3 hounds
  2 jellies
  A bullfrog skeleton (D:12)
  6 centaur skeletons
  36 orc priests
  2 iron imps (Depths:3)
  4 iguanas
  Ijyb (D:5)
  43 orc wizards
  7 worker ants
  A killer bee zombie (D:9)
  A demigod zombie (Crypt:1)
  A hound zombie (D:6)
  A hound skeleton (D:9)
  30 mummies
  A worker ant zombie (D:5)
  A howler monkey skeleton (D:4)
  13 gnolls
  16 adders
  A river rat (shapeshifter) (Vaults:2)
  7 shadow imps
  A white imp (Depths:3)
  An ufetubus (Depths:3)
  2 oozes
  An adder zombie (D:5)
  An adder skeleton (D:6)
  2 worms
  A dart slug (D:1)
  3 leopard geckos
  143 orcs
  2 ball pythons
  4 bats
  7 giant cockroaches
  A goblin (D:1)
  7 hobgoblins
  9 jackals
  8 kobolds
  A quokka (D:8)
  8 frilled lizards
  2 jackal zombies
  3 rats
  6 briar patches (Swamp:4)
  2 fungi
  2 macabre masses (Vaults:2)
  9 plants
  2 starspawn tentacles (Abyss:4)
  4 withered plants (Crypt:3)
2934 creatures vanquished.

Vanquished Creatures (collateral kills)
  A greater mummy (Tomb:1)
  Frances (Spider:1)
  A dire elephant (Lair:6)
  A swamp dragon (Swamp:4)
  6 orb spiders
  2 wolf spiders
  An eye of devastation (Zig:6)
  A jumping spider (Spider:1)
  A hornet (Spider:4)
  A fire bat (Lair:1)
  A plant (Lair:6)
17 creatures vanquished.

Vanquished Creatures (others)
  A fire giant (Depths:2)
  An ironheart preserver (Vaults:3)
  A very ugly thing (Depths:3)
  A death knight (Crypt:1)
  2 spriggan air magi
  4 death scarabs (Tomb:2)
  A spriggan druid (Swamp:4)
  An ugly thing (Vaults:3)
  A smoke demon (Depths:3)
  2 guardian mummies (Tomb:2)
  A jumping spider (Spider:2)
  A raiju (Abyss:5)
  A saltling (Desolation)
  3 flying skulls (Tomb:2)
  A human (Spider:2)
  2 swamp worms (Swamp:3)
  A small abomination (Abyss:4)
  2 mummies (Tomb:2)
  A ball lightning (Tomb:2)
  3 fungi
  2 lurking horrors (Abyss:4)
  4 plants
  6 starspawn tentacles
  5 withered plants (Crypt:3)
48 creatures vanquished.

Grand Total: 2999 creatures vanquished

Notes
Turn   | Place    | Note
-------+----------+-------------------------------------------
     0 | D:1      | Kejsarherre the Gargoyle Monk began the quest for the Orb.
     0 | D:1      | Reached XP level 1. HP: 14/14 MP: 1/1
   157 | D:1      | Reached XP level 2. HP: 19/19 MP: 2/2
   352 | D:1      | You fall through a shaft!
   375 | D:2      | Reached XP level 3. HP: 9/24 MP: 3/3
   684 | D:2      | Reached skill level 4 in Fighting
   927 | D:2      | Reached XP level 4. HP: 29/29 MP: 4/4
   980 | D:2      | Found an ancient bone altar of Kikubaaqudgha.
  1048 | D:2      | HP: 1/30 [orc priest/divine providence (9)]
  1050 | D:2      | Reached XP level 5. HP: 2/34 MP: 5/5
  1539 | D:2      | Found a white marble altar of Elyvilon.
  1539 | D:2      | Found a shimmering altar of Xom.
  1665 | D:2      | Found a glowing golden altar of the Shining One.
  1668 | D:2      | Reached skill level 1 in Armour
  1951 | D:3      | Found a transporter.
  2037 | D:3      | Found a transporter.
  2271 | D:3      | Reached XP level 6. HP: 34/39 MP: 6/6
  2351 | D:3      | Found a faded altar of an unknown god.
  2972 | D:4      | Found a staircase to the Ecumenical Temple.
  3032 | Temple   | Entered the Ecumenical Temple
  3046 | Temple   | Became a worshipper of Ashenzari the Shackled
  3046 | Temple   | Reached * piety under Ashenzari
  3046 | Temple   | Reached ** piety under Ashenzari
  3123 | D:4      | Reached skill level 5 in Armour
  3148 | D:4      | Reached XP level 7. HP: 44/44 MP: 7/7
  3779 | D:5      | Entered Level 5 of the Dungeon
  3840 | D:5      | Reached skill level 5 in Maces & Flails
  3842 | D:5      | Noticed Kejsarherre's ghost (novice DrTm)
  3906 | D:5      | Killed Kejsarherre's ghost
  3906 | D:5      | Reached skill level 5 in Fighting
  3906 | D:5      | Reached XP level 8. HP: 13/49 MP: 8/8
  4215 | D:5      | Found a transporter.
  4300 | D:5      | Found a transporter.
  4330 | D:5      | Reached skill level 6 in Fighting
  4644 | D:5      | Noticed Ijyb
  4648 | D:5      | Noticed Grinder
  4669 | D:5      | Killed Ijyb
  4692 | D:5      | Killed Grinder
  4692 | D:5      | Reached XP level 9. HP: 30/56 MP: 9/9
  5005 | D:6      | Reached *** piety under Ashenzari
  5366 | D:6      | Reached skill level 7 in Fighting
  5671 | D:6      | Found a radiant altar of Vehumet.
  5767 | D:6      | Found Roigrem's Distillery.
  5770 | D:6      | Bought a potion of mutation for 104 gold pieces
  5770 | D:6      | Gained mutation: Scrolls take you a little longer to read. [potion of mutation]
  5770 | D:6      | Gained mutation: Your natural rate of healing is unusually fast. [potion of mutation]
  5770 | D:6      | Gained mutation: You are occasionally teleported next to monsters. [potion of mutation]
  5770 | D:6      | Gained mutation: You are partially covered in iridescent scales. (AC +2) [potion of mutation]
  5771 | D:6      | Lost mutation: Scrolls take you a little longer to read. [potion of mutation]
  5771 | D:6      | Lost mutation: You are occasionally teleported next to monsters. [potion of mutation]
  5771 | D:6      | Gained mutation: Your magical capacity is low. (-10% MP) [potion of mutation]
  5771 | D:6      | Gained mutation: You heal very quickly. [potion of mutation]
  5966 | D:7      | Noticed a two-headed ogre
  6000 | D:7      | Killed a two-headed ogre
  6000 | D:7      | Reached skill level 10 in Maces & Flails
  6012 | D:7      | Reached XP level 10. HP: 31/64 MP: 9/9
  6209 | D:7      | Reached skill level 8 in Fighting
  6237 | D:7      | Identified the +5 whip of Butzump {flame, rN+++ Int+4 Dex+2 Stlth-} (You took it off an orc on level 7 of the Dungeon)
  6955 | D:8      | Found a staircase to the Lair.
  7143 | D:8      | Reached skill level 9 in Fighting
  7387 | D:8      | Found a deep blue altar of Sif Muna.
  7677 | D:9      | Noticed a cyclops
  7689 | D:9      | Killed a cyclops
  7698 | D:9      | Reached XP level 11. HP: 53/72 MP: 9/9
  7777 | D:9      | Noticed a two-headed ogre
  7848 | D:9      | Reached skill level 10 in Fighting
  8084 | D:9      | Noticed a two-headed ogre
  8109 | D:9      | Killed a two-headed ogre
  8109 | D:9      | Reached skill level 10 in Armour
  8202 | D:9      | Found a hide-covered altar of Uskayaw.
  8379 | D:10     | Entered Level 10 of the Dungeon
  8588 | D:10     | Noticed a two-headed ogre
  8602 | D:10     | Killed a two-headed ogre
  8782 | D:10     | Reached **** piety under Ashenzari
  8901 | D:10     | Reached skill level 11 in Fighting
  8977 | D:10     | Noticed Gastronok
  8999 | D:10     | Killed Gastronok
  9106 | D:10     | Found a staircase to the Orcish Mines.
  9575 | D:11     | Reached skill level 12 in Fighting
  9849 | D:11     | Noticed an unseen horror
  9857 | D:11     | Killed an unseen horror
  9857 | D:11     | Reached XP level 12. HP: 77/81 MP: 10/10
 10521 | D:12     | Reached skill level 13 in Fighting
 10605 | D:12     | Noticed Rupert
 10607 | D:12     | Paralysed by Rupert for 2 turns
 10658 | D:11     | Killed Rupert
 10882 | D:12     | Noticed a two-headed ogre
 10895 | D:12     | Killed a two-headed ogre
 11434 | D:12     | Reached skill level 14 in Fighting
 11612 | D:13     | Reached XP level 13. HP: 66/90 MP: 11/11
 11828 | Lair:1   | Entered Level 1 of the Lair of Beasts
 11847 | Lair:1   | Reached ***** piety under Ashenzari
 12036 | Lair:1   | Noticed a fire dragon
 12364 | D:8      | Identified a scroll of acquirement
 12521 | Orc:1    | Entered Level 1 of the Orcish Mines
 13003 | Orc:1    | Noticed an orc warlord
 13233 | D:10     | Killed an orc warlord
 13349 | Orc:1    | Reached skill level 15 in Fighting
 13505 | Orc:2    | Entered Level 2 of the Orcish Mines
 13505 | Orc:2    | Found a staircase to the Elven Halls.
 13706 | Orc:2    | Found a labyrinth entrance.
 13750 | Lab      | Entered a labyrinth
 14087 | Lab      | Noticed a minotaur
 14207 | Lab      | Killed a minotaur
 14795 | Orc:2    | Found Jygacs's Food Boutique.
 14888 | Orc:2    | Reached skill level 15 in Armour
 15382 | Orc:2    | Found Otaeps's Book Shoppe.
 15382 | Orc:2    | Found Mehodghyw's Weapon Boutique.
 15383 | Orc:2    | Found Zewik's Assorted Antiques.
 15420 | Orc:2    | Bought a scroll labeled SULIES SAISOMM for 27 gold pieces
 15669 | Lair:1   | Killed a fire dragon
 15669 | Lair:1   | Gained mutation: Your large and strong wings let you fly indefinitely. [Gargoyle growth]
 15669 | Lair:1   | Reached XP level 14. HP: 60/99 MP: 12/12
 15933 | Lair:1   | Reached skill level 16 in Fighting
 16463 | Lair:2   | Noticed Erica
 16489 | Lair:2   | Killed Erica
 16697 | Lair:2   | Reduced skill Stealth to level 1
 16713 | Lair:2   | Reached skill level 1 in Evocations
 16785 | Lair:2   | Found a staircase to the Swamp.
 16908 | Lair:2   | Found a hole to the Spider Nest.
 17227 | Spider:1 | Entered Level 1 of the Spider Nest
 17504 | Lair:3   | Reached skill level 5 in Evocations
 17594 | Lair:3   | Found an ancient bone altar of Kikubaaqudgha.
 17854 | Lair:3   | Noticed Snorg
 17864 | Lair:3   | Killed Snorg
 19094 | Lair:5   | Reached ****** piety under Ashenzari
 19561 | Lair:5   | Reached XP level 15. HP: 89/104 MP: 19/19
 19878 | Lair:6   | Entered Level 6 of the Lair of Beasts
 19895 | Lair:6   | Noticed Tali's ghost (journeyman DsBe)
 19998 | Lair:6   | Killed Tali's ghost
 20007 | Lair:6   | Found a blossoming altar of Fedhas.
 20201 | Lair:6   | Reached skill level 10 in Evocations
 20305 | Lair:6   | Identified Sif Muna's Compendium of Gliding Transmigration
 20405 | Lair:6   | Found a viscous altar of Jiyva.
 20405 | Lair:6   | Found a staircase to the Slime Pits.
 21941 | D:13     | Noticed Nessos
 21978 | D:13     | Killed Nessos
 22619 | D:13     | Identified the +1 falchion of Qomept {slice, +Blink rN+} (You took it off a wight on level 13 of the Dungeon)
 22819 | D:13     | Reached skill level 1 in Spellcasting
 22946 | D:13     | Identified the Volume of Earth and Translocation
 23001 | D:13     | Reached XP level 16. HP: 98/110 MP: 21/21
 23176 | D:13     | Noticed Oravi's ghost (journeyman MfTm)
 23235 | D:13     | Killed Oravi's ghost
 23999 | D:14     | Learned a level 1 spell: Apportation
 24002 | D:14     | Learned a level 2 spell: Blink
 24175 | D:14     | Reached skill level 1 in Translocations
 24450 | D:14     | Reached skill level 5 in Spellcasting
 24501 | D:14     | Found a gate to the Vaults.
 25009 | D:15     | Entered Level 15 of the Dungeon
 25458 | D:15     | Paralysed by a floating eye for 2 turns
 26053 | D:15     | Found a staircase to the Depths.
 26729 | Spider:1 | Reached skill level 5 in Translocations
 27778 | Spider:2 | Identified the ring of the Skies Above {rF+ rC+++ MP+9 Str+3 Int-4}
 27964 | Spider:2 | Reached XP level 17. HP: 115/115 MP: 26/26
 28031 | Spider:2 | Noticed Frances
 28090 | Spider:1 | Killed Frances
 28099 | Spider:2 | Noticed Kirke
 28252 | Spider:1 | Killed Kirke
 28361 | Spider:2 | Reached skill level 5 in Dodging
 29712 | Spider:4 | Entered Level 4 of the Spider Nest
 30512 | Spider:4 | Noticed Arachne
 30541 | Spider:4 | Killed Arachne
 31095 | Spider:4 | Reached skill level 10 in Dodging
 31528 | Swamp:1  | Entered Level 1 of the Swamp
 31670 | Spider:4 | Reached skill level 1 in Axes
 31698 | Spider:4 | Reduced skill Maces & Flails to level 10
 31729 | Spider:4 | Reached XP level 18. HP: 90/120 MP: 27/27
 31799 | Spider:4 | Reached skill level 5 in Axes
 32200 | Spider:4 | Got a gossamer rune of Zot
 32617 | Swamp:1  | Reduced skill Maces & Flails to level 5
 33012 | Swamp:2  | Reached skill level 10 in Axes
 34201 | Swamp:4  | Entered Level 4 of the Swamp
 34645 | Swamp:4  | Noticed a tentacled monstrosity
 34698 | Swamp:4  | Killed a tentacled monstrosity
 34698 | Swamp:4  | Reached XP level 19. HP: 74/125 MP: 28/28
 34698 | Swamp:4  | Reduced skill Maces & Flails to level 1
 35117 | Swamp:4  | Got a decaying rune of Zot
 35469 | Vaults:1 | Entered Level 1 of the Vaults
 36080 | Vaults:1 | Reached skill level 15 in Axes
 37025 | Vaults:2 | Found Olagh's Book Shoppe.
 37179 | Vaults:2 | Paralysed by an ogre mage for 6 turns
 37301 | Vaults:2 | Identified the +8 battleaxe of Vuuwarus {drain, rC+ Dex+3} (You took it off an ironbrand convoker on level 2 of the Vaults)
 37375 | Vaults:2 | Reached XP level 20. HP: 111/132 MP: 28/28
 37514 | Vaults:2 | Identified Ciemoi's Papyrus of Earth
 37716 | Vaults:2 | Reached skill level 17 in Fighting
 37850 | Vaults:2 | Identified the Catalogue of the Voyage
 37908 | Vaults:2 | Learned a level 8 spell: Controlled Blink
 37921 | Vaults:2 | Found Nahaloro's Antique Weapon Shoppe.
 37965 | Vaults:2 | Found Qoyf's Magic Scroll Emporium.
 37974 | Vaults:2 | Bought a scroll of enchant weapon for 82 gold pieces
 37974 | Vaults:2 | Bought a scroll of enchant weapon for 82 gold pieces
 38285 | Vaults:2 | Found Xoyl's Armour Shoppe.
 38293 | Vaults:2 | Bought the +3 pair of gauntlets of War {Slay+5} for 760 gold pieces
 38293 | Vaults:2 | Found the +3 pair of gauntlets of War {Slay+5}
 38323 | Vaults:2 | Identified the Papyrus of Calling
 38383 | Vaults:2 | Found Nopamp's Food Emporium.
 38481 | Vaults:2 | Noticed a bone dragon
 38509 | Vaults:2 | Killed a bone dragon
 38582 | Vaults:2 | Identified Kikubaaqudgha's Volume of Evil Arts
 38704 | Vaults:3 | Noticed a Brimstone Fiend
 38710 | Vaults:3 | Noticed a Brimstone Fiend
 38951 | Vaults:3 | Reached skill level 18 in Fighting
 39634 | Vaults:3 | Found a staircase to the Crypt.
 39634 | Vaults:3 | Found an ancient bone altar of Kikubaaqudgha.
 39635 | Vaults:3 | Found a basalt altar of Yredelemnul.
 40345 | Vaults:4 | Reached skill level 19 in Fighting
 40354 | Vaults:4 | Reached XP level 21. HP: 139/144 MP: 29/29
 40943 | Vaults:4 | Reached skill level 20 in Fighting
 41646 | Vaults:4 | Reached skill level 10 in Translocations
 41772 | Vaults:5 | Entered Level 5 of the Vaults
 41786 | Vaults:5 | Reached skill level 21 in Fighting
 41878 | Vaults:4 | Reached XP level 22. HP: 153/155 MP: 30/30
 41920 | Vaults:5 | Noticed a golden dragon
 41982 | Vaults:4 | Killed a golden dragon
 42349 | Vaults:5 | Reached skill level 22 in Fighting
 42705 | Vaults:5 | Got a silver rune of Zot
 42707 | Vaults:5 | Identified the Papyrus of Destructive Unholy Magic
 42716 | Vaults:5 | Identified the ring of Near {rElec rC+ Str+2 Int-4 Dex+5}
 42828 | Vaults:5 | Identified the ring of Yrix {+Fly rF++ rC- Str-2 SInv} (You took it off a yaktaur captain on level 5 of the Vaults)
 42934 | Vaults:5 | Reached skill level 23 in Fighting
 42943 | Vaults:5 | Noticed a golden dragon
 42950 | Vaults:5 | Killed a golden dragon
 42962 | Vaults:5 | Identified the +9 broad axe of Crawling {flame, rElec} (You took it off a vault warden on level 5 of the Vaults)
 43155 | Vaults:5 | Found the +0 sword of Power
 43301 | Vaults:5 | Paralysed by a great orb of eyes for 5 turns
 43371 | Vaults:5 | Reached XP level 23. HP: 165/165 MP: 31/31
 43771 | Crypt:1  | Entered Level 1 of the Crypt
 44364 | Crypt:1  | Reached skill level 24 in Fighting
 44983 | Crypt:2  | Found a basalt altar of Yredelemnul.
 45018 | Crypt:2  | Identified the +5 hand crossbow of the Blowfly {velocity, Int+5}
 45407 | Crypt:3  | Entered Level 3 of the Crypt
 45518 | Crypt:3  | Reached skill level 25 in Fighting
 45634 | Crypt:3  | Noticed an ancient lich
 45836 | Crypt:3  | Identified the Collected Works on Stolen Souls
 45993 | Crypt:3  | Noticed Jory
 46016 | Crypt:3  | Killed Jory
 46247 | Crypt:3  | Reached XP level 24. HP: 176/176 MP: 31/31
 46325 | Crypt:3  | Found a staircase to the Tomb.
 46423 | Crypt:3  | Found an ancient bone altar of Kikubaaqudgha.
 46733 | Crypt:3  | Killed an ancient lich
 46745 | Crypt:3  | Identified the Handbook of the Frostbite and Malediction
 46756 | Crypt:3  | Learned a level 2 spell: Song of Slaying
 46760 | Crypt:3  | Learned a level 3 spell: Regeneration
 47456 | Elf:1    | Entered Level 1 of the Elven Halls
 47497 | Elf:1    | Reached skill level 26 in Fighting
 47559 | Elf:1    | Found a ruined gateway.
 47575 | Desolati | Entered the Desolation of Salt
 47658 | Desolati | Identified the +2 hand axe of Cowardice {freeze, MR+}
 47670 | Desolati | Identified the ring of Ifonon {+Fly rC- rN+++ MP+9 Str+3} (You took it off an imperial myrmidon in the Desolation of Salt)
 47670 | Desolati | Identified the +11 hand axe of the Sky {drain, rElec} (You took it off an imperial myrmidon in the Desolation of Salt)
 47812 | Desolati | Found the +4 robe of Augmentation {Str+4 Int+4 Dex+4}
 47812 | Desolati | Found the +2 pair of boots of the Assassin {Detection Stab+ Stlth++}
 47848 | Desolati | Identified the +1 scale mail of the Cockatrice {+Inv rElec}
 47849 | Desolati | Identified the +1 scale mail of Compassion {Int+2}
 47856 | Desolati | Identified the Handbook of Necromancy and the Traveller
 48050 | Desolati | Identified Hiwe's Compendium of Earth and Heat
 48699 | Elf:1    | Reached skill level 27 in Fighting
 49291 | Elf:2    | Found a runed gate.
 49291 | Elf:2    | Found a runed gate.
 49292 | Elf:2    | Found a runed gate.
 49349 | Elf:2    | Reached XP level 25. HP: 177/187 MP: 31/31
 49987 | Elf:2    | Found Heiryoh's Armour Shop.
 50004 | Elf:2    | Bought a scarf of cloud immunity for 112 gold pieces
 50221 | Elf:3    | Entered Level 3 of the Elven Halls
 50266 | Elf:3    | Found a deep blue altar of Sif Muna.
 50286 | Elf:3    | Found Cacvimos's Gadget Boutique.
 50287 | Elf:3    | Found Anai's Jewellery Emporium.
 50288 | Elf:3    | Found Ilicw's Gadget Boutique.
 50367 | Elf:3    | Noticed Asterion
 50372 | Elf:3    | Killed Asterion
 50372 | Elf:3    | Reached skill level 1 in Charms
 50419 | Elf:3    | Reached skill level 15 in Translocations
 50554 | Elf:3    | Cast into level 3 of the Abyss (a deep elf sorcerer)
 50588 | Abyss:3  | Found a hide-covered altar of Uskayaw.
 50704 | Abyss:3  | Reached skill level 5 in Charms
 50902 | Abyss:4  | Identified the +5 spear of Accidental Termination {antimagic, Int+5 Dex+4}
 51210 | Abyss:4  | Gained mutation: Your spells are a little harder to cast, but a little more powerful. [a neqoxec]
 51408 | Abyss:4  | Found a hide-covered altar of Uskayaw.
 51522 | Abyss:4  | Found a corrupted altar of Lugonu.
 51752 | Abyss:4  | Got an abyssal rune of Zot
 51810 | Abyss:5  | Entered Level 5 of the Abyss
 51813 | Abyss:5  | Found a corrupted altar of Lugonu.
 51901 | Abyss:5  | Reached XP level 26. HP: 128/135 MP: 31/31
 51928 | Abyss:5  | Reached skill level 1 in Necromancy
 52120 | Elf:3    | Escaped the Abyss
 52136 | Elf:3    | Identified the amulet "Deafoyn" {Reflect -Tele rF+++ MR+++ Str-4 SH+4} (You took it off a deep elf blademaster on level 3 of the Elven Halls)
 52203 | Elf:3    | Identified Piagruemy's Papyrus of the Dislocated Mountains
 52211 | Elf:3    | Learned a level 5 spell: Lee's Rapid Deconstruction
 52238 | Elf:3    | Identified the amulet "Vech" {Gourm rN++ Dex+2} (You took it off a deep elf sorcerer on level 3 of the Elven Halls)
 52249 | Elf:3    | Identified the +6 longbow "Arbiter" {velocity, rC+}
 52289 | Elf:3    | Learned a level 8 spell: Borgnjor's Revivification
 52298 | Elf:3    | Learned a level 8 spell: Necromutation
 52333 | Elf:3    | Found the +6 lightning scales {run, rElec}
 52572 | Elf:3    | Noticed Mara
 52585 | Elf:3    | Noticed Kejsarherre's illusion
 52631 | Elf:3    | Noticed Kejsarherre's illusion
 52647 | Elf:3    | Killed Mara
 52647 | Elf:3    | Reached skill level 10 in Charms
 53121 | D:9      | Identified the +3 ring mail of Henotheism {rPois Int+5 Dex-2 SInv} (You found it on level 5 of the Vaults)
 53121 | D:9      | Identified the cursed +0 ring mail of the End {Int+7 Dex-5 SInv}
 53121 | D:9      | Identified the cursed +0 ring mail of the Thoughtful Wars {*Drain rPois Stlth+} (You found it on level 2 of the Crypt)
 53915 | Slime:1  | Entered Level 1 of the Pits of Slime
 54286 | Slime:5  | Entered Level 5 of the Pits of Slime
 54349 | Slime:5  | Found a viscous altar of Jiyva.
 54349 | Slime:5  | Noticed the Royal Jelly
 54350 | Slime:5  | Identified the cursed +1 ring mail of Indomitability {rF+ rCorr}
 54376 | Slime:5  | Identified the +5 quarterstaff of Due Proportion {freeze, rElec Str+3}
 54380 | Slime:5  | Killed the Royal Jelly
 54393 | Slime:5  | Found the ring of Phasing {EV+8}
 54393 | Slime:5  | Identified the +1 pair of gloves "Xenliv" {rC- Regen+ rCorr Dex+8}
 54394 | Slime:5  | Found the +5 robe of Night {Dark MR+ SInv}
 54450 | Slime:5  | Identified the Tome of the Earthen Oath
 54463 | Slime:5  | Identified the Grimoire of Dusty Summoning
 54477 | Slime:5  | Identified the Reference Book on Cankerous Unholy Arts
 54521 | Slime:5  | Got a slimy rune of Zot
 55150 | Tomb:1   | Entered Level 1 of the Tomb of the Ancients
 55385 | Tomb:1   | Noticed a greater mummy
 55385 | Tomb:1   | Noticed a greater mummy
 55387 | Tomb:1   | Noticed a greater mummy
 55392 | Tomb:1   | Noticed a greater mummy
 55393 | Tomb:1   | Noticed a greater mummy
 55399 | Tomb:1   | Noticed a greater mummy
 55444 | Tomb:1   | Reached skill level 5 in Necromancy
 55475 | Tomb:1   | Noticed a greater mummy
 55497 | Tomb:1   | Killed a greater mummy
 55524 | Tomb:1   | Noticed a greater mummy
 55531 | Tomb:1   | Noticed a greater mummy
 55558 | Tomb:1   | Noticed a greater mummy
 55571 | Tomb:1   | Killed a greater mummy
 55882 | Tomb:2   | Noticed a greater mummy
 55884 | Tomb:2   | Noticed a greater mummy
 55888 | Tomb:2   | Noticed a greater mummy
 55891 | Tomb:2   | Noticed a greater mummy
 55908 | Tomb:2   | Killed a greater mummy
 55914 | Tomb:2   | Killed a greater mummy
 55918 | Tomb:2   | Killed a greater mummy
 55918 | Tomb:2   | Reached XP level 27. HP: 128/199 MP: 31/31
 55970 | Tomb:2   | Killed a greater mummy
 56290 | Tomb:1   | Killed a greater mummy
 56304 | Tomb:1   | Killed a greater mummy
 56312 | Tomb:1   | Noticed a greater mummy
 56314 | Tomb:1   | Killed a greater mummy
 56314 | Tomb:1   | Reached skill level 10 in Necromancy
 56331 | Tomb:1   | Killed a greater mummy
 56342 | Tomb:1   | Killed a greater mummy
 56351 | Tomb:1   | Killed a greater mummy
 56353 | Tomb:1   | Killed a greater mummy
 56561 | Tomb:1   | Noticed a greater mummy
 56564 | Tomb:1   | Killed a greater mummy
 56578 | Tomb:1   | Killed a greater mummy
 56582 | Tomb:1   | Killed a greater mummy
 56701 | Tomb:1   | Noticed a greater mummy
 56716 | Tomb:1   | Killed a greater mummy
 56733 | Tomb:1   | Noticed a greater mummy
 56759 | Tomb:1   | Killed a greater mummy
 56772 | Tomb:1   | Noticed a greater mummy
 56782 | Tomb:1   | Killed a greater mummy
 56812 | Tomb:1   | Noticed a greater mummy
 56820 | Tomb:1   | Noticed a greater mummy
 56828 | Tomb:1   | Noticed a greater mummy
 56829 | Tomb:1   | Killed a greater mummy
 56846 | Tomb:1   | Killed a greater mummy
 56876 | Tomb:1   | Killed a greater mummy
 56938 | Tomb:1   | Noticed a greater mummy
 56957 | Tomb:1   | Killed a greater mummy
 56993 | Tomb:1   | Learned a level 2 spell: Swiftness
 57001 | Tomb:1   | Noticed a greater mummy
 57027 | Tomb:1   | Killed a greater mummy
 57148 | Tomb:2   | Lost mutation: Your magical capacity is low. (-10% MP) [the power of Zot]
 57668 | Depths:1 | Entered Level 1 of the Depths
 57714 | Depths:1 | Noticed Nikola
 57729 | Depths:1 | Killed Nikola
 57729 | Depths:1 | Reached skill level 5 in Air Magic
 58017 | Depths:1 | Identified the Catalogue of Displaced Confrontation
 58097 | Depths:1 | Found a gateway to Hell.
 58250 | Depths:1 | Found a magical portal.
 58266 | WizLab   | Entered Wucad Mu's Monastery
 58498 | WizLab   | Found the +9 staff of Wucad Mu {channel}
 59413 | Depths:2 | Found a one-way gate to the infinite horrors of the Abyss.
 59760 | Depths:3 | Found a one-way gate leading to the halls of Pandemonium.
 60082 | Depths:3 | Found a runed door.
 60146 | Depths:3 | Found a runed door.
 60215 | Depths:3 | Identified the cursed +0 great sword "Hydrabane" {pain, rElec MP+9 Dex-4} (You took it off a yaktaur on level 3 of the Depths)
 60416 | Depths:4 | Noticed a juggernaut
 60424 | Depths:4 | Killed a juggernaut
 60516 | Depths:4 | Identified the ring "Uggugg" {rPois rF+ rC++ MR- Slay+3} (You took it off a deep elf high priest on level 4 of the Depths)
 61051 | Depths:4 | Identified the amulet "Tueczip" {Harm *Drain rF+ Int+5 Dex-5} (You took it off a deep elf annihilator on level 4 of the Depths)
 61157 | Depths:4 | Identified the Catalogue of Enchantment
 61189 | Depths:4 | Noticed a juggernaut
 61203 | Depths:4 | Killed a juggernaut
 61225 | Depths:5 | Entered Level 5 of the Depths
 61567 | Depths:5 | Reached skill level 15 in Charms
 61585 | Depths:5 | Found a gate to the Realm of Zot.
 61591 | Depths:5 | Reached skill level 10 in Spellcasting
 61853 | Depths:5 | Found a gateway to a ziggurat.
 61946 | Zig:1    | Entered Level 1 of a ziggurat
 61971 | Zig:2    | Entered Level 2 of a ziggurat
 61971 | Zig:2    | Identified the +7 ring mail of Peummyf {rC+ Dex+6}
 62027 | Zig:3    | Entered Level 3 of a ziggurat
 62030 | Zig:3    | Identified the ring of the Vendetta {*Drain +Blink +Fly Stlth+}
 62074 | Zig:4    | Entered Level 4 of a ziggurat
 62077 | Zig:4    | Noticed Qosaets the pandemonium lord
 62107 | Zig:4    | Killed Qosaets the pandemonium lord
 62125 | Zig:5    | Entered Level 5 of a ziggurat
 62130 | Zig:5    | Identified the +1 spear of Ludeon {holy, *Slow rPois rF++ rC+}
 62131 | Zig:5    | Identified the +0 robe of the Republic {*Corrode rC+ Dex+6}
 62153 | Zig:5    | Identified the Compendium of Toxic Enhancements
 62160 | Zig:5    | Reached skill level 5 in Conjurations
 62177 | Zig:5    | Learned a level 6 spell: Deflect Missiles
 62187 | Zig:6    | Entered Level 6 of a ziggurat
 62192 | Zig:6    | Identified the +10 shortbow of Poesi {venom, rPois rF+ rC+ Dex+4}
 62193 | Zig:6    | Identified the amulet "Vusutost" {Faith rF+ Str-2 SInv}
 62259 | Zig:7    | Entered Level 7 of a ziggurat
 62284 | Zig:7    | Identified the ring of Daisies {*Tele +Fly}
 62284 | Zig:7    | Identified the +1 battleaxe of Abuse {chop, -Tele rElec rF+}
 62345 | Zig:8    | Entered Level 8 of a ziggurat
 62380 | Zig:8    | Noticed an ancient lich
 62387 | Zig:8    | Collided with a spark wasp simulacrum

Skill      XL: |  1  2  3  4  5  6  7  8  9 10 11 12 13 14 15 16 17 18 19 20 21 22 23 24 25 26 27 |
---------------+----------------------------------------------------------------------------------+-----
Fighting       | 4 5 6 7 9 12 14 15 16 19 21 23 25 27 | 27.0
Maces & Flails | 4 6 8 10 11 10 2 0 |  0.0
Armour         | 3 5 7 9 11 13 15 18 25 | 25.3
Stealth        | 0 |  0.0
Evocations     | 9 10 | 10.8
Spellcasting   | 1 8 11 | 11.8
Translocations | 6 9 10 11 12 13 16 | 16.2
Dodging        | 10 11 | 11.5
Axes           | 2 12 16 | 16.0
Charms         | 7 14 15 | 15.9
Necromancy     | 8 13 | 13.1
Air Magic      | 8 |  8.1
Conjurations   | 5 |  5.5

Action                   |  1- 3 |  4- 6 |  7- 9 | 10-12 | 13-15 | 16-18 | 19-21 | 22-24 | 25-27 || total
-------------------------+-------+-------+-------+-------+-------+-------+-------+-------+-------++-------
Melee: Mace              |    76 |    35 |       |       |       |       |       |       |       ||   111
       Whip              |       |   170 |   451 |  1154 |  2863 |  2551 |       |       |       ||  7189
       Battleaxe         |       |       |       |       |       |   745 |  1345 |  1570 |  2714 ||  6374
       Unarmed           |       |       |       |       |       |    15 |       |       |       ||    15
 Cast: Apportation       |       |       |       |       |       |     1 |       |       |       ||     1
       Regeneration      |       |       |       |       |       |       |       |       |    60 ||    60
       Song of Slaying   |       |       |       |       |       |       |       |       |     6 ||     6
       Swiftness         |       |       |       |       |       |       |       |       |     6 ||     6
Invok: Curse Item        |       |       |     4 |     2 |     4 |     4 |     2 |     2 |       ||    18
       Transfer Knowledg |       |       |       |       |     1 |     3 |       |       |       ||     4
       Scrying           |       |       |       |       |       |       |       |     2 |     2 ||     4
 Abil: Fly               |       |       |       |       |     1 |       |       |     1 |     3 ||     5
       Stop Flying       |       |       |       |       |       |       |       |     1 |     3 ||     4
Evoke: Wand              |       |     3 |       |     2 |    23 |    81 |    27 |     4 |    13 ||   153
       Sack of spiders   |       |       |       |       |     3 |       |       |       |       ||     3
       Phial of floods   |       |       |       |       |     1 |     6 |       |       |     3 ||    10
       Fan of gales      |       |       |       |       |     1 |     5 |       |       |       ||     6
       Lightning rod     |       |       |       |       |       |    22 |     4 |       |     6 ||    32
       Box of beasts     |       |       |       |       |       |     2 |       |       |       ||     2
       Phantom mirror    |       |       |       |       |       |     1 |       |       |       ||     1
  Use: Potion            |       |     1 |     9 |     5 |     5 |     2 |     1 |       |    25 ||    48
       Scroll            |       |       |     1 |     2 |    30 |     9 |     2 |     7 |    15 ||    66
 Stab: Sleeping          |     2 |       |       |       |       |       |       |       |       ||     2
       Distracted        |       |       |     1 |     1 |       |       |       |     1 |     4 ||     7
       Paralysed         |       |       |       |       |       |    11 |       |       |       ||    11
       Petrified         |       |       |       |       |       |       |     5 |       |       ||     5
       Petrifying        |       |       |       |       |       |       |     2 |     1 |       ||     3
       Invisible         |       |       |       |       |       |       |       |       |     2 ||     2
  Eat: Chunk             |       |     7 |     9 |    17 |    26 |    18 |    14 |     5 |    10 ||   106
       Ration            |       |       |       |     2 |     5 |     7 |     3 |     6 |    13 ||    36
Armor: Robe              |    22 |    13 |       |       |       |       |       |       |       ||    35
       Scale mail        |       |    73 |   123 |       |       |       |       |       |       ||   196
       Skin              |       |       |    18 |       |       |       |       |       |       ||    18
       Plate armour      |       |       |     7 |   527 |  1380 |  2736 |   761 |    45 |       ||  5456
       Chain mail        |       |       |       |       |    32 |       |       |       |       ||    32
       Gold dragon scale |       |       |       |       |       |       |       |  1127 |  2334 ||  3461
Dodge: Dodged            |    48 |    83 |   108 |   267 |   871 |  3166 |   997 |   809 |  1326 ||  7675
Block: Other             |       |       |       |       |       |       |       |       |   291 ||   291
       Reflection        |       |       |       |       |       |       |       |       |     5 ||     5
